[Event "*** Titled Tuesday Blitz"]
[Site "Chess.com"]
[Date "2019.10.01"]
[Round "8"]
[White "731291"]
[Black "Spalir"]
[Result "0-1"]
[WhiteElo "2653"]
[BlackElo "2824"]
[TimeControl "180+2"]
[EndTime "14:59:08 PDT"]
[Termination "Spalir won by resignation"]

1. d4 d5 2. c4 e6 3. Nf3 Nf6 4. g3 dxc4 5. Bg2 Bb4+ 6. Bd2 a5 7. O-O O-O 8. Qc2 Bxd2 9. Nbxd2 b5 10. a4 c6 11. b3 cxb3 12. Nxb3 Ba6 13. Ne5 bxa4 14. Rxa4 Bb5 15. Raa1 a4 16. Qb2 Nfd7 17. Nd3 Na6 18. Nd2 Nb6 19. Rfc1 Rb8 20. Ne5 Nd5 21.
Qa3 Qc7 22. e3 Rfc8 23. Ne4 c5 24. Nxc5 Nxc5 25. Rxc5 Qd8 26. Rac1 Be8 27. h4 h6 28. Nc6 Bxc6 29. Rxc6 Rxc6 30. Rxc6 Qa5 31. Kh2 Nf6 32. Rc1 Ng4+ 33. Kg1 Qd2 34. Rf1 Qc2 35. Bf3 Nf6 36. Rc1 Qb3 37. Qxb3 axb3 38. Kf1 g5 39. hxg5 hxg5 40. Ke2 g4 41. Bg2 Kg7 42. Rb1 Nh7 43.
Kd3 Ng5 44. Kc3 Nh3 45. Rxb3 Rxb3+ 46. Kxb3 Nxf2 47. Kc2 Kf6 48. Kd2 Kf5 49. Ke2 Ne4 50. Bxe4+ Kxe4 51. Kd2 Kf3 52. Kd3 Kxg3 53. e4 Kf4 54. d5 exd5 55. exd5 Ke5 0-1

[Event "*** Titled Tuesday Blitz"]
[Site "Chess.com"]
[Date "2019.10.01"]
[Round "8"]
[White "moro182"]
[Black "DanielNaroditsky"]
[Result "0-1"]
[WhiteElo "2733"]
[BlackElo "3015"]
[TimeControl "180+2"]
[EndTime "14:59:11 PDT"]
[Termination "DanielNaroditsky won by resignation"]

1. d4 Nf6 2. c4 g6 3. g3 Bg7 4.
Bg2 O-O 5. Nc3 d6 6. Nf3 Nbd7 7. O-O e5 8. e4 c6 9. b3 exd4 10. Nxd4 Re8 11. Re1 Nc5 12. h3 Nfd7 13. Be3 Ne5 14. Re2 a5 15. f4 Ned7 16. Rc1 Nf6 17. Bf2 Qc7 18. Ndb5 cxb5 19. Nxb5 Qb6 20. Nxd6 Rd8 21. e5 Be6 22. Qd4 Rxd6 23. Qxd6 Qxd6 24. exd6 Nfd7 25.
Rd1 Rc8 26. g4 Bf8 27. Bh4 b6 28. Re3 Bh6 29. Bg5 Bg7 30. Bd5 h6 31. Bh4 Bf8 32. Bg3 h5 33. Bxe6 fxe6 34. gxh5 gxh5 35. a3 Kf7 36.
Bh4 Rc6 37. Be7 Bxe7 38. dxe7 Kxe7 39. b4 Nb7 40. f5 e5 41. Re4 Nd6 42. Rh4 Nf6 43.
c5 Nxf5 44. Rc4 Ne3 45. b5 Rc8 46. cxb6 Nxc4 47. b7 Rb8 48. Rc1 Nd6 49. Rc7+ Nd7 0-1

[Event "*** Titled Tuesday Blitz"]
[Site "Chess.com"]
[Date "2019.10.01"]
[Round "8"]
[White "VincentKeymer"]
[Black "parmupill123"]
[Result "0-1"]
[WhiteElo "2666"]
[BlackElo "2538"]
[TimeControl "180+2"]
[EndTime "14:59:12 PDT"]
[Termination "parmupill123 won by resignation"]

1. d4 e6 2. c4 b6 3. e4 Bb7 4.
Bd3 f5 5. exf5 Bxg2 6. Qh5+ g6 7. fxg6 Bg7 8. gxh7+ Kf8 9. Ne2 Nf6 10. Qh4 Bxh1 11. Bh6 Qe7 12. Nf4 Ke8 13. Ng6 Qf7 14. Ne5 Qf8 15.
Bg6+ Ke7 16. Bg5 d6 17. Nf7 Nd7 18. Nc3 Bf3 19. Qh3 Bb7 20. d5 Nc5 21. O-O-O Qxf7 22.
Bxf7 Kxf7 23. Bxf6 Bxf6 24. Qh5+ Ke7 25. Nb5 Raf8 26.
Nxc7 Rf7 27. dxe6 Rfxh7 28. Nd5+ Bxd5 29. Qxd5 Rh5 30. Qxd6+ Ke8 31. Qc6+ Kf8 32. Qc7 R5h7 33. Qf4 Ke7 34. Qd6+ Ke8 35. f4 Rxh2 36. Qc6+ Kf8 37. Qc8+ Kg7 38. Rg1+ Kh6 39. Qc7 Bxb2+ 40. Kd1 Bf6 41. f5 Rd8+ 42. Qxd8 Bxd8 43. Rg8 Bf6 44. Rf8 Kg5 45. Rf7 Rh8 0-1

[Event "*** Titled Tuesday Blitz"]
[Site "Chess.com"]
[Date "2019.10.01"]
[Round "8"]
[White "HanSchut"]
[Black "santosalberto1987"]
[Result "0-1"]
[WhiteElo "2211"]
[BlackElo "2372"]
[TimeControl "180+2"]
[EndTime "14:59:15 PDT"]
[Termination "santosalberto1987 won by resignation"]

1. e4 e6 2. d4 d5 3. exd5 exd5 4. Nf3 Nc6 5. Bb5 Bd6 6. Ne5 Ne7 7. O-O O-O 8. Re1 Nxe5 9. dxe5 Bc5 10. Bg5 c6 11. Bd3 Qb6 12. Qf3 Ng6 13. Nc3 Qxb2 14. Na4 Qb4 15. Nxc5 Qxc5 16. h4 h6 17. h5 hxg5 18.
hxg6 fxg6 19. Qg3 Bf5 20. Rab1 b5 21. Re2 Rae8 22. Qxg5 Qe7 23. Qg3 Qf7 24. Rb4 Bxd3 25. cxd3 Qf5 26. Rh4 Re6 27. Qh2 Qxd3 28. Rh8+ Kf7 29.
Qf4+ Qf5 30. Rxf8+ Kxf8 31. Qb4+ Kg8 32. Re3 Rxe5 33.
Rf3 Qc8 34. Qd6 Rf5 35. Re3 Qf8 36. Qxg6 Rf6 37. Qg3 d4 38. Re5 Rd6 39. Qb3+ Kh7 40. Qd3+ g6 41. Qe2 Rd7 42. Qg4 Qf7 43. Qh4+ Kg7 44.
Qe4 d3 45. Qe1 d2 46. Qd1 Qf6 47. Re2 Qc3 48. g3 Qc1 0-1

[Event "*** Titled Tuesday Blitz"]
[Site "Chess.com"]
[Date "2019.10.01"]
[Round "8"]
[White "Frolik67"]
[Black "bascheyaro"]
[Result "0-1"]
[WhiteElo "2592"]
[BlackElo "2762"]
[TimeControl "180+2"]
[EndTime "14:59:20 PDT"]
[Termination "bascheyaro won by resignation"]

1. e4 e6 2. d3 d5 3. Qe2 Nf6 4. Nf3 c5 5. g3 Nc6 6. Bg2 Be7 7. O-O O-O 8. c3 b6 9. e5 Nd7 10. h4 Ba6 11. Bf4 Re8 12. h5 h6 13. Nbd2 Nf8 14.
Rfe1 Rc8 15. a3 Nh7 16. Nf1 Ng5 17. N1h2 Nxf3+ 18. Nxf3 Na5 19. Rad1 d4 20. c4 b5 21. Nd2 bxc4 22. dxc4 Rb8 23. Qg4 Kh8 24. Be4 Rxb2 25.
Bd3 Bb7 26. Rb1 Rb6 27. Ne4 Bxe4 28. Bxe4 Nxc4 29. Bd3 Qd5 30. Rbc1 Nb2 31. Be4 Qd7 32. Red1 c4 33. Rd2 Bxa3 34. Be3 d3 35. Qf3 Rc8 36.
Bxh6 Bf8 37. Bg5 c3 38. Rxd3 Nxd3 39. Bxd3 Qd4 40. h6 Qxe5 41. Bf4 Qf6 42. hxg7+ Bxg7 43. Qh5+ Kg8 44. Qh7+ Kf8 45. Rc2 Rb1+ 46. Kg2 e5 47.
Be3 Rb2 48. Kg1 Rxc2 49. Bxc2 a5 50. Qe4 Qd6 51. Qa4 Bh6 52. Bxh6+ Qxh6 53. Kg2 Qc6+ 0-1

[Event "*** Titled Tuesday Blitz"]
[Site "Chess.com"]
[Date "2019.10.01"]
[Round "8"]
[White "Siemba"]
[Black "MasterKroket"]
[Result "1-0"]
[WhiteElo "2263"]
[BlackElo "2415"]
[TimeControl "180+2"]
[EndTime "14:59:22 PDT"]
[Termination "Siemba won by resignation"]

1. e4 c5 2. Nf3 e6 3. d4 cxd4 4. Nxd4 Nc6 5. Nc3 Qc7 6. Be3 a6 7. Qd2 Nf6 8. f4 Bb4 9. Bd3 d5 10. e5 Ng4 11. Bg1 b5 12. h3 Nh6 13. g4 f6 14. Nxc6 Qxc6 15. a3 d4 16. Be4 Qxe4+ 17.
Nxe4 Bxd2+ 18. Kxd2 fxe5 19. fxe5 O-O 20. Bxd4 Bb7 21.
Ke3 Nf7 22. h4 Nd8 23. Rhf1 Nc6 24. Nd6 Nxd4 25. Kxd4 Bf3 26. g5 Rf4+ 27. Ke3 Raf8 28. Rf2 b4 29. Raf1 bxa3 30. bxa3 Rxh4 31. Rxf3 Rb8 32.
Rf7 Rg4 33. Ne4 h5 34. gxh6 Rb5 35. Rxg7+ Rxg7 36. Nf6+ Kh8 37. hxg7+ Kxg7 38. Ke4 Rc5 39. Ne8+ Kg8 40. Rf2 Rc3 41. Rf6 Rxc2 42. Rxe6 Kf7 43. Rxa6 Kxe8 44. Kd5 Ke7 45. Ra7+ Ke8 46. Kd6 Rb2 47.
Ra8+ Kf7 48. e6+ Kf6 49. Rf8+ Kg7 50. e7 Rd2+ 51. Kc7 Rc2+ 52. Kb7 Rb2+ 53. Ka7 Re2 54. e8=Q 1-0

[Event "*** Titled Tuesday Blitz"]
[Site "Chess.com"]
[Date "2019.10.01"]
[Round "8"]
[White "Taron_Shagbazyan"]
[Black "albi1999"]
[Result "1/2-1/2"]
[WhiteElo "2734"]
[BlackElo "2540"]
[TimeControl "180+2"]
[EndTime "14:59:23 PDT"]
[Termination "Game drawn - insufficient material"]

1. d4 Nf6 2. c4 e6 3. Nc3 Bb4 4. e3 O-O 5. Bd3 d5 6. Nf3 b6 7. O-O Ba6 8. Qe2 c5 9. dxc5 Bxc5 10. Rd1 Qc8 11. cxd5 exd5 12. Bxa6 Qxa6 13. Qxa6 Nxa6 14. Nxd5 Nxd5 15. Rxd5 Nb4 16. Rd1 Rfd8 17. Bd2 Nd3 18. Bc3 Rd7 19. Kf1 Rad8 20. Ke2 f6 21. Rd2 Nb4 22. a3 Nd5 23. Bd4 Bf8 24. Rad1 Kf7 25. g3 Ke6 26. e4 Ne7 27. Bc3 Nc6 28. Rxd7 Rxd7 29. Rxd7 Kxd7 30. Nd2 b5 31. f4 a5 32. Nb3 a4 33. Nd4 Nxd4+ 34. Bxd4 b4 35. axb4 Bxb4 36. h3 a3 37. bxa3 Bxa3 38. Kd3 Ke6 39. Kc4 h5 40. Bc5 Bc1 41. Kd3 g6 42. Bf2 h4 43. Kc2 hxg3 44.
Bxg3 Ba3 45. Kd3 Bc5 46. Ke2 Bd6 47. Kf3 Be7 48. Kg4 f5+ 49. exf5+ gxf5+ 50. Kh5 Kf7 51. Bh4 Bd6 52. Bg5 Kg7 53. Kh4 Kg6 54. Kg3 Kh5 55. Kf3 Bc5 56. Ke2 Kg6 57. Kd3 Bf2 58. Kc4 Be3 59.
Kd5 Bc1 60. Ke6 Bd2 61. Ke5 Bc3+ 62. Kd5 Kh5 63. Ke6 Kg6 64. Bh4 Bd2 65. Bg3 Be3 66.
Kd5 Kh5 67. Ke5 Kg6 68. Bh4 Bc1 69. Bg5 Bd2 70. Kd4 Kh5 71. Ke5 Kg6 72. Ke6 Bc1 73. Ke7 Kh5 74. Kf6 Bxf4 75. h4 Bg3 76.
Kxf5 Bxh4 1/2-1/2

[Event "*** Titled Tuesday Blitz"]
[Site "Chess.com"]
[Date "2019.10.01"]
[Round "8"]
[White "eljanov"]
[Black "Bigfish1995"]
[Result "0-1"]
[WhiteElo "2807"]
[BlackElo "2993"]
[TimeControl "180+2"]
[EndTime "14:59:24 PDT"]
[Termination "Bigfish1995 won on time"]

1. Nf3 d5 2. g3 c5 3. Bg2 Nf6 4. O-O e6 5. c4 d4 6. e3 Nc6 7. exd4 cxd4 8. d3 Bd6 9. Na3 h6 10.
Nc2 e5 11. b4 O-O 12. b5 Ne7 13. c5 Bxc5 14. Nxe5 Ned5 15. Bd2 Re8 16. Re1 Qc7 17. f4 a6 18. bxa6 Rxa6 19. a3 Bf5 20. Qf3 Rb6 21. Ba5 h5 22. Rac1 Ra8 23. Bxb6 Qxb6 24. Nc4 Qa6 25. Re5 Bg4 26. Qf2 Rd8 27. f5 b5 28. Nd2 Qd6 29. Rxd5 Nxd5 30. h3 Bxa3 31.
Re1 Bxf5 32. Qxf5 Ne3 33. Nxe3 dxe3 34. Ne4 Qxd3 35. Qxh5 Bb4 36. Re2 Bd2 37. Kh2 b4 38.
Ng5 Qg6 39. Qh4 b3 40. Be4 Qf6 41. Qh7+ Kf8 42. Qh5 Ke7 43. Bg2 b2 44. Ne4 Qb6 45. Qh4+ f6 46. Qh7 Kf7 0-1

[Event "*** Titled Tuesday Blitz"]
[Site "Chess.com"]
[Date "2019.10.01"]
[Round "8"]
[White "aa175"]
[Black "Tolya2"]
[Result "1/2-1/2"]
[WhiteElo "2306"]
[BlackElo "2383"]
[TimeControl "180+2"]
[EndTime "14:59:26 PDT"]
[Termination "Game drawn by stalemate"]

1. d4 d5 2. Bf4 e6 3. e3 Bd6 4.
Bg3 c5 5. c3 Nc6 6. Nf3 Nge7 7.
Nbd2 b6 8. Bd3 Qc7 9. Bxd6 Qxd6 10. dxc5 bxc5 11. O-O a5 12. a4 Ba6 13. Bb5 O-O 14.
Ne4 Qb8 15. Nxc5 Bxb5 16. Nd7 Qb7 17. axb5 Qxd7 18. bxc6 Nxc6 19. Qa4 Qb7 20. Qa3 Rfb8 21. Qc5 Qb6 22. Qxb6 Rxb6 23. b4 Rbb8 24. Nd4 Nxd4 25. exd4 axb4 26. cxb4 Rxa1 27. Rxa1 g5 28. Ra4 Rc8 29.
Kf1 Rc4 30. Ra8+ Kg7 31. b5 Rxd4 32. b6 Rb4 33. Rb8 Rb2 34. g3 h5 35. Kg2 Kf6 36.
Kf3 Rb3+ 37. Ke2 g4 38. b7 Ke5 39. Ke1 f5 40. Kf1 Ke4 41. Re8 Rxb7 42. Rxe6+ Kd4 43. Rh6 Kc3 44. Rxh5 d4 45. Rxf5 d3 46. Rc5+ Kd4 47. Rc8 Rb1+ 48. Kg2 d2 49. Rd8+ Kc3 50. Rc8+ Kb3 51.
Rb8+ Kc2 52. Rc8+ Kd3 53. Rd8+ Ke2 54. Re8+ Kd1 55. h4 Rb2 56. h5 Kc1 57. Rc8+ Rc2 58. Ra8 d1=Q 59. Ra1+ Kd2 60. Rxd1+ Kxd1 61. Kf1 Rc5 62.
h6 Rh5 63. f4 gxf3 64. g4 Rxh6 65. g5 Rg6 66. Kf2 Rxg5 67. Ke3 f2 68. Ke4 f1=Q 69.
Kd4 Qe2 70. Kc3 Qe4 71. Kb2 Rg3 72. Ka2 Qc4+ 73. Ka1 Ra3+ 74. Kb1 Qc3 1/2-1/2

[Event "*** Titled Tuesday Blitz"]
[Site "Chess.com"]
[Date "2019.10.01"]
[Round "8"]
[White "Olga_Girya"]
[Black "ckgchess"]
[Result "0-1"]
[WhiteElo "2486"]
[BlackElo "2691"]
[TimeControl "180+2"]
[EndTime "14:59:27 PDT"]
[Termination "ckgchess won by resignation"]

1. d4 Nf6 2. c4 g6 3. Nc3 Bg7 4. e4 O-O 5. Be2 d6 6. Be3 c5 7. d5 e6 8. Nf3 Re8 9. Nd2 Na6 10. O-O Nc7 11. a3 Rb8 12. Qc2 exd5 13. cxd5 b5 14. b4 c4 15. Nf3 a6 16. Nd4 Bd7 17. Rad1 Qe7 18. Bg5 h6 19. Bh4 g5 20.
Bg3 Nxe4 21. Nxe4 Qxe4 22. Qxe4 Rxe4 23. Bxd6 Rc8 24. Nc6 Rxe2 25. Ne7+ Rxe7 26. Bxe7 c3 27. Bc5 Bf8 28. Rd3 c2 29. Rc3 Nxd5 30. Rxc2 Bxc5 31.
Rxc5 Rxc5 32. bxc5 a5 33. Rd1 Bc6 34. Kf1 b4 35. axb4 axb4 36. Rb1 Kg7 37. Ke1 Kf6 38. Kd2 Ke5 39. g3 Kd4 40. Rc1 Nc3 41. Re1 Ne4+ 42.
Kc2 Nxc5 43. Re7 b3+ 44. Kb2 Bd5 45. Re8 Nd3+ 46. Kb1 Nxf2 47. Rf8 Ne4 48. Rd8 Nc3+ 49. Kb2 Na4+ 50. Ka3 b2 51. Rb8 Be4 52. Rb4+ Ke3 53. Rb3+ Bd3 0-1

[Event "*** Titled Tuesday Blitz"]
[Site "Chess.com"]
[Date "2019.10.01"]
[Round "8"]
[White "Misha_Bilous"]
[Black "ThePunisherxx"]
[Result "0-1"]
[WhiteElo "2514"]
[BlackElo "2641"]
[TimeControl "180+2"]
[EndTime "14:59:37 PDT"]
[Termination "ThePunisherxx won by resignation"]

1. d4 d5 2. c4 e6 3. Nc3 a6 4. cxd5 exd5 5. Nf3 c6 6. Bg5 Be7 7. Bxe7 Nxe7 8. e3 Bf5 9. Bd3 O-O 10. O-O Nd7 11. Qc2 Bxd3 12. Qxd3 Nc8 13. e4 dxe4 14. Qxe4 Nf6 15. Qh4 Ne7 16. Rfe1 Ng6 17. Qg5 h6 18. Qd2 Qd6 19. Rad1 Rad8 20. Ne4 Nxe4 21. Rxe4 Qd5 22. Rde1 Qxa2 23. Qe2 Qd5 24. Ne5 Nxe5 25. dxe5 Rfe8 26. h3 Qd2 27. f4 Qxe2 28. R1xe2 Rd3 29. Kf2 Red8 30.
R4e3 Rxe3 31. Kxe3 Kf8 32. Ke4 Ke7 33. f5 c5 34. Rc2 Rd4+ 35. Ke3 b6 36. g4 h5 37. Kf3 Rd3+ 38. Ke4 Rd4+ 39. Kf3 hxg4+ 40. hxg4 a5 41. g5 g6 42. fxg6 fxg6 43. Rh2 Ke6 44. Rh6 Kxe5 45.
Rxg6 Rb4 46. Rc6 Rb3+ 47. Kg4 Rxb2 48. Kg3 Rb3+ 49. Kg4 Rb1 50. g6 Kd5 51. Rf6 Rg1+ 52.
Kh5 b5 53. Rf5+ Kc4 54. Rf4+ Kb3 55. Rg4 Rh1+ 56. Rh4 Rd1 57. g7 Rd8 58. Kg6 Rg8 59.
Rh8 Rxg7+ 60. Kxg7 c4 61. Kf6 c3 62. Ke5 c2 63. Rc8 Kb2 64. Rc5 b4 0-1

[Event "*** Titled Tuesday Blitz"]
[Site "Chess.com"]
[Date "2019.10.01"]
[Round "8"]
[White "kreonx"]
[Black "Alex_32167"]
[Result "1-0"]
[WhiteElo "2305"]
[BlackElo "2620"]
[TimeControl "180+2"]
[EndTime "14:59:41 PDT"]
[Termination "kreonx won by resignation"]

1. e4 d5 2. exd5 Nf6 3. Bb5+ Bd7 4. Be2 Nxd5 5. d4 Bf5 6. Nf3 e6 7. O-O Be7 8. a3 O-O 9. c4 Nf6 10. h3 Nbd7 11. Nc3 Ne4 12. Nxe4 Bxe4 13. Be3 Nf6 14. b4 a5 15. b5 b6 16. a4 Rc8 17. Nd2 Ba8 18. Bf3 Bb4 19. Bxa8 Rxa8 20. Nb3 Qd7 21. Qf3 Rfe8 22. Bg5 Be7 23. Rad1 h6 24. Be3 Rad8 25.
Rd3 e5 26. Qc6 e4 27. Rdd1 Bb4 28. Qxd7 Rxd7 29. d5 Rde7 30. Nd4 Rd7 31. Nc6 Bd6 32. Bd4 Nh5 33. g3 f5 34. Rde1 Rf8 35. Be5 g5 36. Bxd6 Rxd6 37. Kg2 Nf6 38. Ne7+ Kh7 39. Nxf5 Rd7 40. Nd4 h5 41. Ne6 Rg8 42. f3 exf3+ 43. Rxf3 Kg6 44. Ref1 Rf7 45. Nxc7 g4 46. hxg4 hxg4 47.
Rf4 Rxc7 48. Rxf6+ Kg7 49. Rc6 Re7 50. d6 Re4 51. Rf4 Re2+ 52. Kf1 Rge8 53. Rxg4+ Kh7 54. Rf4 Re1+ 55. Kg2 R8e2+ 56. Rf2 Re4 57. Rd2 R1e2+ 58. Rxe2 Rxe2+ 59. Kf3 Rd2 60. Rxb6 Kg6 61. c5 Kf5 62. c6 Rd3+ 63. Ke2 Rxd6 64. c7 1-0

[Event "*** Titled Tuesday Blitz"]
[Site "Chess.com"]
[Date "2019.10.01"]
[Round "8"]
[White "BlueWizzard"]
[Black "FairChess_on_YouTube"]
[Result "1-0"]
[WhiteElo "2860"]
[BlackElo "2976"]
[TimeControl "180+2"]
[EndTime "14:59:48 PDT"]
[Termination "BlueWizzard won on time"]

1. e4 c6 2. c4 d5 3. cxd5 cxd5 4. exd5 Nf6 5. Nc3 Nxd5 6. Nf3 e6 7. Bc4 Nc6 8. O-O Be7 9. d4 O-O 10. Re1 Nxc3 11. bxc3 b6 12. Bd3 Bb7 13. h4 Rc8 14.
Ng5 Bxg5 15. hxg5 Ne7 16. Re3 Ng6 17. Qh5 Qd5 18. Be4 Qxe4 19. Rxe4 Bxe4 20. Bd2 Ne7 21. Qe2 Bd5 22. Qa6 Rc7 23. f3 Bc4 24. Qa3 Nd5 25. Kf2 Rfc8 26. Qd6 Bd3 27. Rc1 b5 28. Qa3 Nb6 29.
Bf4 Rd7 30. Qa5 Nd5 31. Bd2 Rdc7 32. Qa3 Bc4 33. Qb2 Bd3 34. Kg3 a5 35. Qa3 a4 36. Rh1 Nxc3 37. Bxc3 Rxc3 38. Qd6 a3 39. d5 exd5 40. Re1 Bg6 41. Qd7 h5 42. gxh6 gxh6 43.
Qxb5 Rc2 44. Qxd5 Rb2 45. Re3 Rcc2 46. Re8+ Kh7 47. Qd4 Rxg2+ 48. Kf4 Bb1 49. Qh8+ Kg6 50. Rg8+ Kh5 51. Qe5+ Kh4 52. Qf6+ Kh5 53. Qxf7+ Rg6 54. Qd5+ Kh4 55. Rxg6 Bxg6 56. Qd8+ Kh5 57. Qd7 Rb4+ 58. Kg3 1-0

[Event "*** Titled Tuesday Blitz"]
[Site "Chess.com"]
[Date "2019.10.01"]
[Round "8"]
[White "LastHeroJr"]
[Black "MathiasWomacka"]
[Result "1/2-1/2"]
[WhiteElo "2534"]
[BlackElo "2308"]
[TimeControl "180+2"]
[EndTime "14:59:48 PDT"]
[Termination "Game drawn by agreement"]

1. e4 c5 2. Nf3 d6 3. d4 cxd4 4.
Nxd4 Nf6 5. Nc3 a6 6. Bg5 e6 7. f4 h6 8. Bh4 Qb6 9. a3 Nbd7 10.
Bf2 Qc7 11. Qf3 b5 12. O-O-O Bb7 13. Bd3 Nc5 14. Rhe1 Be7 15. g4 d5 16. e5 Nfe4 17. Bxe4 dxe4 18. Qg3 Rc8 19. f5 Qb6 20. h4 b4 21. axb4 Qxb4 22. g5 hxg5 23. hxg5 Rb8 24.
g6 Ba8 25. gxf7+ Kxf7 26. b3 Nd3+ 27. Rxd3 exd3 28. Qg6+ Kg8 29. f6 Rh7 30. fxe7 Qxe7 31. Qxe6+ Qxe6 32. Nxe6 dxc2 33. Nc5 Rh2 34. Bd4 Rd8 35. Bg1 Rh1 36. Kxc2 a5 37. e6 Bc6 38.
Ne2 Rd5 39. Nd3 Bb5 40. Nef4 Rd8 41. Kc3 g5 42. e7 Rc8+ 43. Kd4 gxf4 44. Nc5 Kf7 45.
Nb7 Rxg1 46. Rxg1 Kxe7 47. Nc5 Kd6 48. Rg6+ Ke7 49. Ne4 Rf8 50. Ke5 f3 51. Rg7+ Rf7 52. Rxf7+ Kxf7 53. Kf4 f2 54. Nxf2 Ke6 55. Ke4 Kd6 56. Kd4 Kc6 57. Ne4 Bf1 58. Nc3 Kb6 59. Nd5+ Kb5 1/2-1/2

[Event "*** Titled Tuesday Blitz"]
[Site "Chess.com"]
[Date "2019.10.01"]
[Round "8"]
[White "MikeSailer"]
[Black "ferdipy"]
[Result "0-1"]
[WhiteElo "2076"]
[BlackElo "2167"]
[TimeControl "180+2"]
[EndTime "14:59:48 PDT"]
[Termination "ferdipy won by checkmate"]

1. b4 e6 2. Bb2 Nf6 3. b5 c5 4. Nf3 b6 5. e3 Bb7 6. Be2 d5 7. O-O Bd6 8. c4 Nbd7 9. a4 Qc7 10. a5 O-O 11. a6 Bc8 12. d4 Rd8 13. Nbd2 cxd4 14.
exd4 Nf8 15. Rc1 Qe7 16. c5 bxc5 17. dxc5 Bxc5 18. Ne5 Bd7 19. Ndf3 Rab8 20. Nd4 Bxd4 21. Qxd4 Be8 22. Rc3 Ne4 23. Rf3 f6 24. Ba3 Qc7 25. Ng4 Ng6 26. Rc1 Qb6 27. Qxb6 Rxb6 28. Bd3 Bxb5 29.
Bxe4 dxe4 30. Rb3 Rc6 31. Rcb1 Bxa6 32. h3 Bd3 33. Ne3 Bxb1 34. Rxb1 h5 35. Kh2 Ne5 36. Be7 Re8 37. Ba3 Nc4 38. Nxc4 Rxc4 39. Rb7 Ra4 40.
Bc5 e5 41. Bxa7 Rf8 42. Bc5 Rf7 43. Rb8+ Kh7 44. Be3 Kg6 45. Rh8 Ra3 46. g4 hxg4 47. h4 Rd7 48. Kg3 f5 49. h5+ Kf7 50. h6 f4+ 51. Kxg4 fxe3 52. h7 Kg6 53. Ra8 Rxa8 54. h8=Q Rxh8 55. fxe3 Rf7 56. Kg3 Rh5 57. Kg4 Rg5+ 58.
Kh4 Rf1 59. Kh3 Rh1# 0-1

[Event "*** Titled Tuesday Blitz"]
[Site "Chess.com"]
[Date "2019.10.01"]
[Round "8"]
[White "ural58"]
[Black "sergeikim"]
[Result "0-1"]
[WhiteElo "2378"]
[BlackElo "2487"]
[TimeControl "180+2"]
[EndTime "14:59:54 PDT"]
[Termination "sergeikim won by resignation"]

1. Nc3 Nf6 2. d4 d5 3. Bf4 Bf5 4. f3 e6 5. g4 Bg6 6. h4 h6 7. e3 a6 8. Nh3 c5 9. a3 Nc6 10. Qd2 cxd4 11. exd4 Qb6 12. O-O-O Qa5 13. Nb1 Qxd2+ 14.
Rxd2 Rc8 15. Kd1 Nxd4 16. Rxd4 Bxc2+ 17. Kc1 Be4+ 18. Nc3 Bxf3 19. Rg1 Bxg4 20. Nf2 Bf5 21. Nd3 Ne4 22. Kd1 Nxc3+ 23. bxc3 Rxc3 24. a4 f6 25.
Bd2 Ra3 26. Nb2 Bc5 27. Rdg4 Bxg4+ 28. Rxg4 g5 29. Nd3 Bd6 30. Bb4 Rxa4 31. Be2 h5 32.
Rd4 g4 33. Kd2 e5 34. Bxd6 Rxd4 35. Bc5 Ra4 36. Bb6 d4 37. Nc5 Rb4 38. Ba5 Rb2+ 39.
Ke1 f5 40. Bc4 Rc2 41. Nxb7 Rxc4 42. Nd6+ Kd7 43. Nxc4 Ke6 44. Ke2 Rc8 45. Nd2 Rc5 46.
Bb6 Rb5 47. Bd8 e4 48. Bg5 Kd5 49. Kd1 e3 50. Nf1 Ke4 51. Ng3+ Kd3 52. Kc1 Rc5+ 53.
Kb2 e2 54. Nxh5 e1=Q 55. Nf4+ Ke4 0-1

[Event "*** Titled Tuesday Blitz"]
[Site "Chess.com"]
[Date "2019.10.01"]
[Round "8"]
[White "harvsp123"]
[Black "TrimitziosP7"]
[Result "0-1"]
[WhiteElo "2489"]
[BlackElo "2738"]
[TimeControl "180+2"]
[EndTime "14:59:56 PDT"]
[Termination "TrimitziosP7 won on time"]

1. d4 d5 2. c4 c6 3. Nf3 Nf6 4.
e3 a6 5. Bd3 b5 6. cxd5 cxd5 7. h3 e6 8. O-O Bd6 9. a4 b4 10. a5 O-O 11. Nbd2 Nc6 12. Nb3 Bd7 13. Bd2 Ne4 14. Qe2 Bc8 15. Rfc1 Bb7 16. Be1 Ne7 17. Bxe4 dxe4 18. Nfd2 Bd5 19. Nc4 Bb8 20. Bxb4 Re8 21.
Nb6 Ra7 22. Nc5 Nf5 23. Nxa6 Bd6 24. Rc8 Qe7 25. Rxe8+ Qxe8 26. Bxd6 Nxd6 27. Nxd5 exd5 28. Nc5 f5 29. a6 h5 30. h4 Qg6 31. g3 Kh7 32. Ra4 f4 33. exf4 Nf5 34. Rb4 e3 35. Qd3 exf2+ 36. Kxf2 Re7 37. Rb7 Re3 38. Qxe3 Nxe3 39.
Kxe3 Qxg3+ 40. Kd2 Qxf4+ 41. Kc3 Qc1+ 42. Kb3 Qc4+ 43.
Ka3 Qxd4 44. b4 Qa1+ 45. Kb3 d4 46. a7 Qc3+ 47. Ka4 Qa1+ 48. Kb5 Qf1+ 49. Kb6 d3 50. a8=Q d2 51. Ne6 Qf2+ 52. Ka6 Qe2+ 53. Rb5 Qxe6+ 54. Ka5 d1=Q 0-1

[Event "*** Titled Tuesday Blitz"]
[Site "Chess.com"]
[Date "2019.10.01"]
[Round "8"]
[White "Zubrrr"]
[Black "Hrant_ChessMood"]
[Result "1-0"]
[WhiteElo "2727"]
[BlackElo "2852"]
[TimeControl "180+2"]
[EndTime "15:00:06 PDT"]
[Termination "Zubrrr won by resignation"]

1. c4 Nf6 2. g3 g6 3. Bg2 Bg7 4. Nc3 O-O 5. e4 c5 6. Nge2 Nc6 7. O-O d6 8. d3 Bd7 9. Re1 Rb8 10. a3 Ne8 11. Rb1 Nc7 12. b4 cxb4 13. axb4 b5 14. c5 dxc5 15. bxc5 b4 16. Nd5 Ne6 17. Be3 a5 18. d4 a4 19. Nb6 a3 20. e5 Nc7 21.
f4 e6 22. Qb3 Re8 23. Red1 Bf8 24. Nc1 Rxb6 25. cxb6 Nd5 26. Bxd5 exd5 27. Qxd5 Qc8 28. Nb3 Be6 29. Qb5 a2 30. Rb2 Ne7 31. Nc5 Nd5 32.
Bd2 Bxc5 33. dxc5 Nc3 34. Bxc3 bxc3 35. b7 Qb8 36. Qxe8+ Qxe8 37. b8=Q cxb2 38. Qxb2 Kg7 39. Rc1 Qc6 40. h4 h5 41. Kh2 Kh7 42. Qd2 Qa4 43.
Qc3 Qe4 44. Qd2 Bd5 45. Qf2 Bc6 46. Qd2 Bd5 47. Qf2 Qa4 48. Qb2 Qe4 49. Qd2 Qb1 50.
Rxb1 axb1=Q 51. Qxd5 Qc2+ 52. Kh3 Qf5+ 53. Kg2 Qc2+ 54.
Kf3 Kg7 55. Qd4 Qb3+ 56. Kf2 Qc2+ 57. Ke3 Qb3+ 58. Qd3 Qb4 59. Qc2 Qa4 60. Qxa4 1-0

[Event "*** Titled Tuesday Blitz"]
[Site "Chess.com"]
[Date "2019.10.01"]
[Round "8"]
[White "PaulfromSPb"]
[Black "MITerryble"]
[Result "1/2-1/2"]
[WhiteElo "2673"]
[BlackElo "2831"]
[TimeControl "180+2"]
[EndTime "15:00:06 PDT"]
[Termination "Game drawn by repetition"]

1. e4 e6 2. d4 d5 3. Nd2 Be7 4.
Bd3 c5 5. dxc5 Nf6 6. Qe2 O-O 7. Ngf3 a5 8. e5 Nfd7 9. Nb3 a4 10. Nbd4 Nxc5 11.
O-O Nxd3 12. cxd3 Nc6 13. Be3 Bd7 14. Rfc1 Qa5 15. Bd2 Qb6 16. Be3 Qa5 17. Bd2 Qa6 18. Be3 Rfc8 19. a3 Na5 20. Qd2 Nc6 21. Rc3 Nxd4 22. Nxd4 Rxc3 23. Qxc3 Rc8 24. Qd2 h6 25. h3 Bd8 26. Nc2 Ba5 27. Nb4 Bxb4 28. axb4 Bb5 29. Bc5 Bxd3 30. Ra3 Bg6 31. b3 b5 32. bxa4 bxa4 33.
Qd1 Ra8 34. Kh2 Qb5 35. Qd2 Qc4 36. Rc3 Qb5 37. Qe3 Qa6 38. Ra3 Bc2 39. h4 Bb3 40.
Qd2 Qc4 41. g3 Ra6 42. Qd4 Qxd4 43. Bxd4 Bc4 44. Kg2 Kf8 45. Kf3 Ke8 46. Ke3 Ke7 47. Bc5+ Ke8 48. Kd4 f6 49. f4 h5 50. Bd6 Kd7 51. Bf8 fxe5+ 52. Kxe5 g6 53. Bc5 Bb3 54. Bf8 Kc6 55. Bc5 Kb5 56. Kd4 Ra8 57. Bd6 Rc8 58. Bc5 Ra8 59. Bd6 Ra6 60. Be7 Rc6 61. Bc5 Rc7 62. Ra1 Rf7 63. Ra3 Rf5 64. Ra1 Rf7 65. Ra3 Rc7 66. Ra1 Rc8 67. Ra3 Ra8 1/2-1/2

[Event "*** Titled Tuesday Blitz"]
[Site "Chess.com"]
[Date "2019.10.01"]
[Round "8"]
[White "imdvb6307"]
[Black "FearNoEvil12"]
[Result "1-0"]
[WhiteElo "2420"]
[BlackElo "2052"]
[TimeControl "180+2"]
[EndTime "15:00:07 PDT"]
[Termination "imdvb6307 won by resignation"]

1. c4 Nf6 2. Nc3 g6 3. Nf3 Bg7 4. d4 d6 5. e4 O-O 6. Be2 e5 7. O-O Nc6 8. d5 Ne7 9. Ne1 Nd7 10. f3 f5 11. g4 f4 12. h4 Nf6 13. Nd3 h5 14. g5 Ne8 15. Nf2 c5 16. dxc6 Nxc6 17.
Rb1 Be6 18. b4 Nd4 19. Nd5 Rc8 20. Bb2 Bxd5 21. cxd5 Nc2 22. Qd2 Ne3 23. Rfc1 Rxc1+ 24. Rxc1 Bf6 25. Kh2 Bxg5 26. hxg5 Qxg5 27. Rg1 Qh4+ 28. Nh3 Kh7 29. Qe1 Qe7 30. Ng5+ Kh6 31. Qh4 Ng7 32.
Qh3 Qc7 33. Rc1 Qb6 34. a3 Kxg5 35. Rg1+ Kh6 36. Qd7 Qd8 37. Qxd8 Rxd8 38. Rc1 Ne8 39. Bb5 Nf6 40. Rc7 a6 41. Be2 Rb8 42. a4 g5 43.
Bc1 Nc2 44. Rxc2 g4 45. Rc7 Kg6 46. Bd2 b5 47. a5 Rh8 48. Be1 g3+ 49. Kh3 Nh7 50. Bxg3 Ng5+ 51. Kg2 fxg3 52. Kxg3 h4+ 53. Kh2 h3 54. Rc6 Kh5 55. Rxd6 Kh4 56. Rg6 Kh5 57.
Rxa6 Kh4 58. Rg6 Kh5 59. Rb6 Kh4 60. a6 Rh7 61. Rc6 Nf7 62. Rf6 Ng5 63. Bxb5 Nxf3+ 64.
Rxf3 Rg7 65. Rxh3+ 1-0